Map: Oxide LE

Players

Astrea

  • Race: Protoss Protoss
  • Spawn Location: 7:00

Zest - Winner!

  • Race: Protoss Protoss
  • Spawn Location: 1:00

Event: IEM Katowice 2021

VOD

Have the link to the VOD?

Description

Time

  • Played on: Feb. 24, 2021, 8:09 a.m.
  • Length: 6:01
Show
View Real Time Build Order
Export as new Build Order

Astrea Protoss 

Build Orders: Phoenix Opening 

Get SALT Encoding   

  12  0:00  Probe  
  13  0:12  Probe  
  14  0:17  Pylon  
  14  0:24  Probe (Chrono Boost)  
  15  0:36  Probe (Chrono Boost)  
  15  0:37  Gateway  
  16  0:45  Probe (Chrono Boost)  
  16  0:46  Assimilator  
  17  0:51  Probe  
  17  0:55  Assimilator  
  18  1:03  Probe (Chrono Boost)  
  19  1:14  Probe (Chrono Boost)  
  19  1:17  Pylon  
  20  1:19  Probe (Chrono Boost)  
  20  1:22  Pylon  
  21  1:29  Probe  
  22  1:34  Zealot  
  23  1:41  Probe  
  24  1:48  Cybernetics Core  
  24  1:53  Probe  
  25  2:05  Probe  
  26  2:18  Probe  
  27  2:23  Stalker (Chrono Boost)  
  27  2:27  Warp Gate  
  29  2:30  Probe  
  29  2:32  Pylon  
  29  2:35  Pylon  
  29  2:42  Probe  
  29  2:53  Stalker  
  29  2:54  Probe  
  30  3:06  Probe  
  30  3:09  Cybernetics Core  
  30  3:18  Probe  
  31  3:23  Sentry  
  33  3:30  Probe  
  34  3:42  Probe  
  34  3:43  Nexus  
  35  3:49  Twilight Council  
  35  3:50  Gateway  
  35  3:55  Probe (Chrono Boost)  
  38  3:59  Phoenix  
  38  4:03  Pylon  
  38  4:05  Probe (Chrono Boost)  
  37  4:10  Probe  
  36  4:18  Stalker  
  36  4:21  Blink (Chrono Boost)  
  36  4:22  Forge, Probe  
  39  4:35  Probe  
  40  4:47  Probe  
  40  4:50  Shield Battery  
  41  4:53  Stalker  
  41  4:57  Stalker  
  41  4:59  Probe  
  46  5:01  Probe  
  46  5:16  Gateway  
  46  5:19  Stalker  
  47  5:23  Stalker  
  47  5:25  Probe  
  47  5:27  Probe  
Show
View Real Time Build Order
Export as new Build Order

Zest Protoss - Winner!

Build Orders: Blink Stalkers 

Get SALT Encoding   

  12  0:00  Probe  
  13  0:12  Probe  
  14  0:17  Pylon  
  14  0:24  Probe (Chrono Boost)  
  15  0:36  Probe (Chrono Boost)  
  15  0:38  Gateway  
  16  0:45  Probe (Chrono Boost)  
  16  0:48  Assimilator  
  17  0:51  Probe  
  18  1:03  Probe (Chrono Boost)  
  19  1:04  Assimilator  
  19  1:13  Probe (Chrono Boost)  
  19  1:18  Probe (Chrono Boost)  
  20  1:20  Pylon  
  21  1:27  Cybernetics Core  
  21  1:29  Zealot  
  23  1:38  Probe  
  24  1:41  Pylon  
  24  1:51  Probe  
  25  2:01  Adept (Chrono Boost)  
  25  2:03  Probe  
  25  2:07  Pylon  
  25  2:08  Warp Gate  
  28  2:21  Cybernetics Core  
  28  2:23  Stalker  
  28  2:54  Stalker  
  28  3:06  Probe  
  28  3:11  Gateway  
  29  3:13  Gateway  
  29  3:17  Twilight Council  
  29  3:24  Stalker  
  30  3:40  Probe  
  31  3:47  Blink (Chrono Boost)  
  31  4:01  Nexus  
  31  4:02  Pylon  
  31  4:16  Stalker  
  31  4:17  Stalker x2  
  37  4:29  Gateway  
  37  4:48  Stalker  
  37  4:49  Stalker  
  37  4:50  Stalker  
  43  4:55  Probe  
  44  5:14  Stalker x2  
  44  5:16  Stalker  
  50  5:23  Stalker  

Tags
 
Add a new tag
Caveats
  • Supply blocks, unpowered buildings, or Contaminate may cause inaccurate times.
  • Supply counts are checked every 10 seconds.